 Dungeon Crawl Stone Soup version 0.14.1-26-g5a19342 (webtiles) character file.

414 Kae the Changer (level 5, -11/40 HPs)
             Began as a Draconian Transmuter on July 24, 2014.
             Mangled by an ogre
             ... wielding a +0,+0 giant club
              (19 damage)
             ... on Level 4 of the Dungeon.
             The game lasted 00:03:49 (3059 turns).

Kae the Changer (Draconian Transmuter)              Turns: 3059, Time: 00:03:49

HP -11/40        AC  6     Str 12      XL: 5   Next: 78%
MP   7/9         EV 12     Int 13      God:
Gold 176         SH  0     Dex 13      Spells:  3 memorised,  2 levels left

rFire  . . .     SeeInvis .       - Unarmed
rCold  + . .     Clarity  .     (armour unavailable)
rNeg   . . .     Conserve .     (no shield)
rPois  +         rCorr    .     (helmet restricted)
rElec  .         rRot     .     l - +0 cloak
SustAb . .       Spirit   .     (no gloves)
rMut   .         Warding  .     (no boots)
Saprov . . .     Stasis   .     (no amulet)
MR     .....                    y - ring of protection from cold
                                c - ring of poison resistance

@: not resistant to hostile enchantments, unstealthy
A: unfitting armour, AC +5
a: no special abilities


You were on level 4 of the Dungeon.
You were not hungry.

You visited 1 branch of the dungeon, and saw 4 of its levels.

You collected 176 gold pieces.

Inventory:

Missiles
 b - 12 arrows
Armour
 l - a +0 cloak (worn)
Comestibles
 a - 3 bread rations
 m - 2 meat rations
 t - an apple
Scrolls
 h - a scroll of enchant weapon II
 j - a scroll of remove curse
 n - 2 scrolls of identify
 o - a scroll of amnesia
 q - 3 scrolls of noise {unknown}
 r - 3 scrolls of fog {unknown}
 s - 2 scrolls of recharging {unknown}
Jewellery
 c - a ring of poison resistance (left hand)
 f - an uncursed ring of teleportation
 w - an uncursed ring of sustenance
 y - a ring of protection from cold (right hand)
Potions
 e - a potion of haste {unknown}
 g - a potion of mutation {unknown}
 i - 2 potions of lignification {unknown}
 k - 2 potions of curing {unknown}
 p - a potion of might {unknown}
 u - a potion of agility {unknown}
 v - a potion of brilliance {unknown}
 x - a potion of heal wounds {unknown}
Books
 d - a book of Changes

   Spells                             Type                      Level
   *Beastly Appendage                 Transmutation                1
   *Sticks to Snakes                  Transmutation                2
   *Spider Form                       Transmutation/Poison         3
   Ice Form                           Ice/Transmutation            4
   Blade Hands                        Transmutation                5


   Skills:
 - Level 1.1 Fighting
 - Level 1.7 Dodging
 + Level 4.5 Unarmed Combat
 - Level 2.0 Spellcasting
 * Level 5.1 Transmutations


You had 2 spell levels left.
You knew the following spells:

 Your Spells              Type           Power        Failure   Level  Hunger
a - Beastly Appendage     Trmt           ##....       3%          1    ##.....
b - Sticks to Snakes      Trmt           ##........   6%          2    ###....
c - Spider Form           Trmt/Pois      #.........   28%         3    ####...


Dungeon Overview and Level Annotations

Branches:
Dungeon (4/15)
 Temple: D:4-7

Altars:
Fedhas
Kikubaaqudgha


Message History

* * * LOW HITPOINT WARNING * * *
You hit the ogre.
The ogre is poisoned.
The ogre is moderately wounded.
Your transformation is almost over.
The ogre completely misses you.
You hit the ogre.
The ogre looks even sicker.
The ogre is moderately wounded.
The ogre closely misses you.
You hit the ogre.
The ogre is heavily wounded.
The ogre barely misses you.
You hit the ogre but do no damage.
The ogre looks even sicker.
The ogre is almost dead.
Your transformation has ended.
You fall off the wall.
Your +0 cloak unmelds from your body.
The ogre hits you but does no damage.
You hit the ogre.
The ogre is almost dead.
The ogre hits you with a giant club!
You die...

(.........................≈≈♣P
##.###.(#.###########.....♣P
#..#.# #....O#.#
#..#.##########.....#.##♣
#........................
##.############.....>.... #.#
####.......
##.###############.......
#....[..@Or..............
#....#############.......
#....# #....... #....#
#....... #....# #....)..
###### #...... ####.. .


You could see an ogre and a rat.

Vanquished Creatures
  An iguana (D:4)
  A worker ant (D:4)
  6 gnolls (D:2)
  7 adders
  3 worms
  An orc (D:4)
  10 goblins
  9 hobgoblins
  5 kobolds
  A ball python (D:2)
  6 bats
  A giant gecko (D:1)
  3 giant newts
  2 jackals (D:1)
  4 rats
60 creatures vanquished.

Notes
Turn   | Place    | Note
--------------------------------------------------------------
     0 | D:1      | Kae, the Draconian Transmuter, began the quest for the Orb.
     0 | D:1      | Reached XP level 1. HP: 16/16 MP: 3/3
   548 | D:1      | Reached XP level 2. HP: 17/23 MP: 4/4
   909 | D:2      | Found an ancient bone altar of Kikubaaqudgha.
   909 | D:2      | Found a blossoming altar of Fedhas.
   923 | D:2      | Reached XP level 3. HP: 26/28 MP: 6/6
  1189 | D:2      | Learned a level 2 spell: Sticks to Snakes
  1193 | D:2      | Learned a level 3 spell: Spider Form
  1207 | D:2      | Reached XP level 4. HP: 35/35 MP: 4/7
  1361 | D:2      | Reached skill level 4 in Transmutations
  2025 | D:3      | Reached XP level 5. HP: 33/40 MP: 9/9
  2878 | D:4      | Reached skill level 5 in Transmutations
  3029 | D:4      | Noticed an ogre
  3059 | D:4      | Mangled by an ogre

Action                   |  1- 3 |  4- 6 || total
-------------------------+-------+-------++-------
Melee: Unarmed           |   133 |   183 ||   316
 Cast: Beastly Appendage |     5 |    12 ||    17
       Spider Form       |     1 |     3 ||     4
  Use: Scroll            |     4 |     2 ||     6
